AoeStats
← Dr_Oetker02

Oasis

509415610Analyzed
3v3 RM · 5d ago on Sep 26, 2026· 47m 4s· 6 players
Game mode
Random Map
Map size
Normal (6 player)
Population
200
Speed
Normal
Resources
Standard
Victory
Conquest
Starting age
Dark Age
Ending age
Imperial Age
RankedLock teamsTeams togetherTeam positionsShared explorationLock speedFull tech treeHidden civsTurbo modeCheats
Victory
Defeat
🇨🇴 Huns · Colombia
1206
+14
🇨🇴 Khmer · Colombia
1059
+20
🇨🇴 Varangians · Colombia
1052
+21
🇧🇪 Ethiopians · Belgium
1179
-19
🇦🇹 Malians · Austria
1150
-18
🇩🇿 Poles · Algeria
1144
-18
Dr_Oetker02
6:10 Loom
11:40 Feudal Age
23:20 Castle Age
22:36 Double-Bit Axe
27:30 Fletching
28:36 Wheelbarrow
29:11 Bow Saw
28:42 Horse Collar
30:29 Loom
34:29 Gold Mining
34:30 Stone Mining
35:20 Crossbowman
41:47 Imperial Age
39:24 Padded Archer Armor
40:01 Heavy Plow
41:34 Thumb Ring
42:08 Bodkin Arrow
42:28 Leather Archer Armor
42:12 Arbalester
44:21 Ring Archer Armor
opA_Force
11:09 Feudal Age
13:00 Loom
15:28 Castle Age
13:24 Double-Bit Axe
13:50 Horse Collar
17:39 Heavy Plow
17:53 Bow Saw
20:25 Gold Mining
20:26 Stone Mining
24:04 Forging
23:59 Scale Barding Armor
25:24 Stone Shaft Mining
25:37 Husbandry
27:05 Bloodlines
32:23 Iron Casting
34:13 Chain Barding Armor
33:56 Town Watch
34:46 Wheelbarrow
39:05 Imperial Age
36:36 Town Patrol
38:59 Coinage
38:23 Fletching
38:50 Elite Skirmisher
39:11 Cavalier
41:05 Blast Furnace
41:33 Conscription
41:51 Hoardings
41:25 Pikeman
42:05 Squires
42:18 Bodkin Arrow
42:25 Padded Archer Armor
43:13 Banking
45:07 Fortified Wall
45:07 Masonry
45:32 Leather Archer Armor
45:19 Bracer
47:43 Chemistry
46:46 Scale Mail Armor
TheHofmeister
9:40 Loom
12:24 Feudal Age
12:51 Double-Bit Axe
18:18 Castle Age
16:13 Fletching
17:20 Gold Mining
17:52 Horse Collar
19:16 Bow Saw
20:29 Heavy Plow
21:54 Wheelbarrow
25:14 Crossbowman
25:56 Padded Archer Armor
27:52 Bodkin Arrow
28:13 Leather Archer Armor
31:15 Imperial Age
28:31 Town Watch
29:12 Ballistics
29:03 Thumb Ring
31:18 Arbalester
31:59 Bracer
33:00 Chemistry
33:21 Hand Cart
34:08 Two-Man Saw
37:22 Siege Engineers
38:17 Masonry
38:48 Caravan
39:24 Stone Mining
42:42 Conscription
46:19 Ring Archer Armor
[VL]Vera_AoE
7:21 Loom
10:46 Feudal Age
11:24 Double-Bit Axe
22:06 Castle Age
20:21 Gold Mining
20:14 Horse Collar
20:56 Bloodlines
22:24 Fletching
22:35 Padded Archer Armor
23:11 Bow Saw
23:03 Heavy Plow
24:57 Town Watch
25:24 Bodkin Arrow
25:34 Husbandry
27:06 Wheelbarrow
27:51 Leather Archer Armor
31:36 Thumb Ring
37:19 Imperial Age
35:56 Ballistics
37:17 Gold Shaft Mining
36:34 Stone Mining
37:56 Hand Cart
38:33 Parthian Tactics
38:59 Conscription
38:48 Bracer
40:21 Chemistry
41:43 Two-Man Saw
42:57 Heavy Cavalry Archer
simon.ruiz
0:30 Loom
11:31 Feudal Age
12:53 Wheelbarrow
12:08 Double-Bit Axe
16:05 Horse Collar
20:21 Castle Age
19:10 Gold Mining
20:32 Scale Barding Armor
20:18 Fletching
21:22 Bow Saw
22:14 Hand Cart
22:30 Heavy Plow
24:25 Chain Barding Armor
29:33 Tusk Swords
35:03 Forging
34:53 Scale Mail Armor
34:54 Padded Archer Armor
37:32 Imperial Age
34:30 Pikeman
36:58 Chain Mail Armor
39:21 Iron Casting
39:29 Conscription
38:34 Elite Ballista Elephant
39:54 Crop Rotation
41:32 Double Crossbow
42:15 Plate Barding Armor
43:01 Ballistics
43:41 Chemistry
44:59 Caravan
juand1011
4:24 Loom
10:21 Feudal Age
11:35 Double-Bit Axe
14:06 Bloodlines
15:56 Horse Collar
21:45 Castle Age
20:42 Scale Barding Armor
23:49 Chain Barding Armor
26:36 Gold Mining
27:32 Husbandry
28:27 Wheelbarrow
28:08 Fletching
28:33 Heavy Plow
28:32 Stone Mining
29:32 Forging
35:32 Iron Casting
40:35 Imperial Age
38:25 Hand Cart
40:42 Elite Jarl
42:16 Elite Jarl
44:38 Plate Barding Armor
44:35 Conscription
46:30 Stone Shaft Mining
47:16 Plate Barding Armor
47:42 Blast Furnace
Connection lost

Rejoining the realm…

Still unreachable

The connection could not be restored.

Session expired

The server has moved on; the page needs a fresh start.